 Dungeon Sprint DCSS version 0.26-a0-662-g8b9c6dab81 (webtiles) character file.

Game seed: 12450363350647629405

6934 mhtbhm the Eclecticist (level 10, -9/52 HPs)
             Began as a Deep Elf Earth Elementalist on Oct 10, 2020.
             Was a High Priest of Vehumet.
             Mangled by Urug
             ... wielding a +0 demon trident of venom
              (24 damage)
             ... in the Dungeon (Sprint III: "The Ten Rune Challenge").
             The game lasted 00:07:05 (2623 turns).

mhtbhm the Eclecticist (DEEE)                       Turns: 2623, Time: 00:07:05

Health: -9/52      AC:  2    Str:  5    XL:     10   Next: 80%
Magic:  9/36       EV: 16    Int: 22    God:    Vehumet [*****.]
Gold:   40         SH:  0    Dex: 17    Spells: 23/50 levels left

rFire    + . .     SeeInvis .   s - +4 scimitar (flame)
rCold    . . .     Faith    .   (no shield)
rNeg     . . .     Spirit   .   c - +0 robe
rPois    .         Reflect  .   (no helmet)
rElec    .         Harm     .   (no cloak)
rCorr    .         Rampage  .   (no gloves)
MR       +....     NoTele   +   (no boots)
Stlth    +++.......             (no amulet)
HPRegen  0.17/turn              (no ring)
MPRegen  0.25/turn              (no ring)

@: lethally poisoned (-9 -> -41)
A: agile 1, dopey 1, fire resistance 1, screaming 1
a: Renounce Religion


You were in the Dungeon.
You worshipped Vehumet.
Vehumet was extremely pleased with you.
You visited 1 branch You collected 40 gold pieces.

Inventory:

Hand Weapons
 s - a +4 scimitar of flaming (weapon)
Missiles
 b - 8 stones (quivered)
Armour
 c - a +0 robe (worn)
Wands
 p - a wand of digging (5)
 r - a wand of polymorph (8)
Scrolls
 a - a scroll of torment {unknown}
 i - a scroll of blinking
 j - 4 scrolls of remove curse
 l - a scroll of immolation {unknown}
 m - a scroll of identify {unknown}
Potions
 e - a potion of heal wounds
 f - a potion of haste
 g - 2 potions of magic
 h - 2 potions of berserk rage
 k - a potion of flight {unknown}
 n - a potion of brilliance {unknown}
 o - a potion of might
Miscellaneous
 q - a tin of tremorstones (3/3)


   Skills:
 + Level 1.0 Fighting
 + Level 6.6 Dodging
 + Level 5.3 Stealth
 + Level 20.9 Spellcasting
 + Level 3.1 Conjurations
 + Level 1.1 Transmutations
 + Level 18.4 Earth Magic


You had 23 spell levels left.
You knew the following spells:

 Your Spells              Type           Power        Failure   Level
a - Sandblast             Erth           ######       0%          1
b - Passwall              Tmut/Erth      ######..     1%          2
c - Stone Arrow           Conj/Erth      ######       1%          3
d - Lee's Rapid Deconstr  Erth           #######...   1%          5
e - Petrify               Tmut/Erth      ######..     1%          4
f - Mephitic Cloud        Conj/Pois/Air  ####....     1%          3
g - Sticky Flame          Conj/Fire      ####....     3%          4
h - Bolt of Magma         Conj/Fire/Erth ######....   1%          5

Your spell library contained the following spells:

 Spells                   Type           Power        Failure   Level
 Ozocubu's Refrigeration  Ice            ###.......   58%         6
 Animate Skeleton         Necr           ###...       1%          1
 Apportation              Tloc           ###...       1%          1
 Corona                   Hex            ###....      1%          1
 Magic Dart               Conj           ####         1%          1
 Summon Small Mammal      Summ           ###.         1%          1
 Conjure Flame            Conj/Fire      ####....     1%          3
 Blink                    Tloc           N/A          3%          2
 Call Imp                 Summ           ###.....     3%          2
 Slow                     Hex            ###.....     3%          2


Dungeon Overview and Level Annotations

Branches:
Dungeon (1/1)

Altars:
Cheibriados
Dithmenos
Elyvilon
Fedhas
Gozag
Hepliaklqana
Kikubaaqudgha
Makhleb
Nemelex Xobeh
Okawaru
Qazlal
Ru
Sif Muna
Trog
Uskayaw
Vehumet
Wu Jian
Xom
Yredelemnul
Zin
The Shining One
Beogh
Jiyva
Lugonu

Annotations:
D Urug


Innate Abilities, Weirdness & Mutations

You are agile. (Dex +2)
You are dopey. (Int -2)
Your flesh is heat resistant. (rF+)
You occasionally shout uncontrollably at your foes.


Message History

Press: ? - help, Dir - move target cursor A rock wall.
The wall shatters!
The blast of rock fragments hits Urug!
Urug is almost dead.
You feel very sick.
Urug hits you from afar with a +0 demon trident of venom.
You are more poisoned.
Unknown command.
Unknown command.
Casting: Lee's Rapid Deconstruction (safe; 1% risk of failure)
Confirm with . or Enter, or press ? or * to list all spells.
Aiming: Lee's Rapid Deconstruction (safe; 1% risk of failure)
Press: ? - help, Dir - move target cursor A rock wall.
The wall shatters!
The blast of rock fragments hits Urug!
Urug is almost dead.
* * * LOW HITPOINT WARNING * * *
You feel very sick.
Urug hits you from afar with a +0 demon trident of venom!!
You die...

▓▓▓▓▓▓▓▓▓▓▓▓▓▓▓▓▓▓▓▓▓▓▓▓▓▓▓▓▓▓#.#
♣.....♣♣♣♣≈≈≈........≈≈≈...##.
♣.≈≈≈≈'♣♣÷♣≈≈≈≈≈≈≈≈≈≈≈≈♣♣P.'.#
+....†#.≈♣♣♣♣♣♣♣♣♣♣♣♣♣♣♣♣PP##.
♣♣♣♣♣♣#..♣♣ ♣♣♣##+ ###†♣♣♣♣♣
♣♣♣♣†##..## ♣...##.##.#
♣♣.##.##@## ♣..#†##...#
♣♣.##†##.o# ♣♣.##.# ### ♣.....#
#######


You could see Urug.

Vanquished Creatures
  A centaur warrior (D)
  Erica (D)
  2 unseen horrors (D)
  A lindwurm (D)
  A deep elf mage (D)
  2 cane toads (D)
  A rime drake (D)
  A komodo dragon (D)
  3 wandering mushrooms (D)
  2 tyrant leeches (D)
  3 redbacks (D)
  A shadow (D)
  A spatial vortex (D)
  A swamp drake (D)
  A necrophage (D)
  2 centaurs (D)
  An earth elemental (D)
  A water elemental (D)
  A jelly (D)
  Jessica (D)
  A wizard (D)
  A necromancer (D)
  A kobold demonologist (D)
  3 humans (D)
  An ooze (D)
  A phantom (D)
  2 rats (D)
38 creatures vanquished.

Vanquished Creatures (others)
  4 plants (D)
4 creatures vanquished.

Grand Total: 42 creatures vanquished

Notes
Turn   | Place    | Note
-------+----------+-------------------------------------------
     0 | D        | mhtbhm the Deep Elf Earth Elementalist began the quest for
                  | the Orb.
     0 | D        | Reached XP level 1. HP: 10/10 MP: 6/6
   138 | D        | Noticed Jessica
   140 | D        | Killed Jessica
   140 | D        | Reached skill level 4 in Spellcasting
   140 | D        | Reached XP level 2. HP: 15/15 MP: 6/9
   140 | D        | Reached XP level 3. HP: 19/19 MP: 7/11
   267 | D        | Learned a level 2 spell: Passwall
   272 | D        | Learned a level 3 spell: Stone Arrow
   404 | D        | Gained mutation: You are dopey. (Int -2) [potion of
                  | mutation]
   404 | D        | Gained mutation: You are resistant to electric shocks.
                  | (rElec) [potion of mutation]
   404 | D        | Gained mutation: You are partially covered in icy blue
                  | scales. (AC +2) [potion of mutation]
   405 | D        | Lost mutation: You are partially covered in icy blue
                  | scales. (AC +2) [potion of mutation]
   405 | D        | Lost mutation: You are dopey. (Int -2) [potion of mutation]
   405 | D        | Lost mutation: You are resistant to electric shocks.
                  | (rElec) [potion of mutation]
   405 | D        | Gained mutation: You are dopey. (Int -2) [potion of
                  | mutation]
   405 | D        | Gained mutation: You are weak. (Str -2) [potion of
                  | mutation]
   405 | D        | Gained mutation: You possess an exceptional clarity of
                  | mind. [potion of mutation]
   406 | D        | Lost mutation: You are weak. (Str -2) [potion of mutation]
   406 | D        | Lost mutation: You are dopey. (Int -2) [potion of mutation]
   406 | D        | Lost mutation: You possess an exceptional clarity of mind.
                  | [potion of mutation]
   406 | D        | Gained mutation: You are resistant to hostile enchantments.
                  | (MR+) [potion of mutation]
   406 | D        | Gained mutation: You evolve. [potion of mutation]
   407 | D        | Lost mutation: You are resistant to hostile enchantments.
                  | (MR+) [potion of mutation]
   407 | D        | Lost mutation: You evolve. [potion of mutation]
   407 | D        | Gained mutation: Armour fits poorly on your strangely
                  | shaped body. [potion of mutation]
   407 | D        | Gained mutation: You occasionally shout uncontrollably at
                  | your foes. [potion of mutation]
   407 | D        | Gained mutation: Your skin changes colour to match your
                  | surroundings (Stealth+). [potion of mutation]
   408 | D        | Lost mutation: Armour fits poorly on your strangely shaped
                  | body. [potion of mutation]
   408 | D        | Lost mutation: You occasionally shout uncontrollably at
                  | your foes. [potion of mutation]
   408 | D        | Gained mutation: You are somewhat resistant to further
                  | mutation. [potion of mutation]
   409 | D        | Lost mutation: You are somewhat resistant to further
                  | mutation. [potion of mutation]
   409 | D        | Lost mutation: Your skin changes colour to match your
                  | surroundings (Stealth+). [potion of mutation]
   409 | D        | Gained mutation: You are dopey. (Int -2) [potion of
                  | mutation]
   409 | D        | Gained mutation: Your flesh is heat resistant. (rF+)
                  | [potion of mutation]
   409 | D        | Gained mutation: You occasionally shout uncontrollably at
                  | your foes. [potion of mutation]
   409 | D        | Gained mutation: You are agile. (Dex +2) [potion of
                  | mutation]
   420 | D        | Reached skill level 5 in Spellcasting
   672 | D        | Noticed a water elemental
   679 | D        | Killed a water elemental
   679 | D        | Reached skill level 7 in Spellcasting
   679 | D        | Reached XP level 4. HP: 5/24 MP: 1/15
   909 | D        | Found a radiant altar of Vehumet.
   909 | D        | Found a shimmering blue altar of Sif Muna.
   909 | D        | Found an ancient bone altar of Kikubaaqudgha.
   909 | D        | Noticed a wizard
   910 | D        | Killed a wizard
   910 | D        | Reached XP level 5. HP: 28/28 MP: 15/17
   911 | D        | Reached skill level 8 in Spellcasting
  1047 | D        | Learned a level 5 spell: Lee's Rapid Deconstruction
  1047 | D        | Became a worshipper of Vehumet
  1053 | D        | Learned a level 4 spell: Petrify
  1057 | D        | Learned a level 3 spell: Mephitic Cloud
  1093 | D        | Found a glowing silver altar of Zin.
  1093 | D        | Found a glowing golden altar of the Shining One.
  1093 | D        | Found a white marble altar of Elyvilon.
  1093 | D        | Noticed a deep elf mage
  1095 | D        | Killed a deep elf mage
  1095 | D        | Reached skill level 5 in Dodging
  1095 | D        | Reached skill level 11 in Spellcasting
  1095 | D        | Reached XP level 6. HP: 32/32 MP: 7/22
  1095 | D        | Reached XP level 7. HP: 36/36 MP: 7/24
  1186 | D        | Found a hide-covered altar of Uskayaw.
  1186 | D        | Found a roughly hewn altar of Beogh.
  1186 | D        | Found an iron altar of Okawaru.
  1186 | D        | Found a bloodstained altar of Trog.
  1186 | D        | Found an ornate altar of the Wu Jian Council.
  1186 | D        | Noticed a human
  1186 | D        | Noticed a human
  1188 | D        | Killed a human
  1188 | D        | Reached skill level 12 in Spellcasting
  1189 | D        | Killed a human
  1189 | D        | Reached * piety under Vehumet
  1189 | D        | Offered knowledge of Shock by Vehumet.
  1189 | D        | Reached skill level 13 in Spellcasting
  1311 | D        | Found a basalt altar of Yredelemnul.
  1311 | D        | Found a shadowy altar of Dithmenos.
  1311 | D        | Found a sacrificial altar of Ru.
  1341 | D        | Noticed a shadow
  1343 | D        | Killed a shadow
  1343 | D        | Reached ** piety under Vehumet
  1343 | D        | Reached skill level 14 in Spellcasting
  1343 | D        | Reached XP level 8. HP: 41/41 MP: 25/28
  1390 | D        | Found a blossoming altar of Fedhas.
  1390 | D        | Found a stormy altar of Qazlal.
  1390 | D        | Found a snail-covered altar of Cheibriados.
  1390 | D        | Found a burning altar of Makhleb.
  1390 | D        | Found a shimmering altar of Xom.
  1391 | D        | Found a hazy altar of Hepliaklqana.
  1391 | D        | Found an opulent altar of Gozag.
  1391 | D        | Found a sparkling altar of Nemelex Xobeh.
  1391 | D        | Found a corrupted altar of Lugonu.
  1391 | D        | Found a viscous altar of Jiyva.
  1394 | D        | Offered knowledge of Foxfire by Vehumet.
  1482 | D        | Noticed Erica
  1488 | D        | Killed Erica
  1488 | D        | Reached skill level 16 in Spellcasting
  1637 | D        | Offered knowledge of Static Discharge by Vehumet.
  1637 | D        | Reached *** piety under Vehumet
  1709 | D        | Noticed a centaur warrior
  1714 | D        | Reached skill level 15 in Earth Magic
  1714 | D        | Reached XP level 9. HP: 45/45 MP: 20/31
  1720 | D        | Killed a centaur warrior
  1720 | D        | Reached skill level 17 in Spellcasting
  1853 | D        | Killed an unseen horror
  1853 | D        | Offered knowledge of Sticky Flame by Vehumet.
  1853 | D        | Reached **** piety under Vehumet
  1853 | D        | Reached skill level 18 in Spellcasting
  1854 | D        | Killed an unseen horror
  1975 | D        | Learned a level 4 spell: Sticky Flame
  1985 | D        | Noticed a wandering mushroom
  1990 | D        | Noticed a wandering mushroom
  1994 | D        | Killed a wandering mushroom
  1994 | D        | Offered knowledge of Bolt of Magma by Vehumet.
  1994 | D        | Reached skill level 5 in Stealth
  1994 | D        | Reached skill level 19 in Spellcasting
  1994 | D        | Reached XP level 10. HP: 51/51 MP: 28/35
  2001 | D        | Learned a level 5 spell: Bolt of Magma
  2076 | D        | Noticed a cane toad
  2076 | D        | Noticed a cane toad
  2080 | D        | Reached ***** piety under Vehumet
  2080 | D        | Offered knowledge of Conjure Ball Lightning by Vehumet.
  2083 | D        | Killed a cane toad
  2083 | D        | Reached skill level 1 in Fighting
  2083 | D        | Reached skill level 1 in Conjurations
  2089 | D        | Killed a cane toad
  2089 | D        | Reached skill level 20 in Spellcasting
  2522 | D        | Noticed a lindwurm
  2525 | D        | Killed a lindwurm
  2525 | D        | Offered knowledge of Ozocubu's Refrigeration by Vehumet.
  2617 | D        | Noticed Urug
  2623 | D        | Mangled by Urug

Illustrated notes

Levels and vault maps discovered:
D:        dungeon_sprint_mu [sprint_mu_entry_cave, sprint_mu_temple_rooms,
          sprint_mu_d1_horrors, sprint_mu_d2_genie, sprint_mu_d3_branching,
          sprint_mu_orc_legion, sprint_mu_elf_gauntlet, sprint_mu_hive_nellie,
          sprint_mu_lair_fedhas, sprint_mu_vaults_butterflies,
          sprint_mu_slime_circle, sprint_mu_swamp_cave, sprint_mu_shoals_archi,
          sprint_mu_blade_basic, sprint_mu_crypt_fortress,
          sprint_mu_tomb_spiral, sprint_mu_vestibule_basic,
          sprint_mu_gehenna_hellfire, sprint_mu_dis_giant,
          sprint_mu_tartarus_statrot, sprint_mu_cocytus_islands, sprint_mu_zot1]

Skill      XL: |  1  2  3  4  5  6  7  8  9 10 |
---------------+-------------------------------+-----
Earth Magic    | 6 8 12 13 15 16 18 | 18.4
Dodging        | 3 4 5 6 |  6.6
Stealth        | 3 4 5 |  5.3
Spellcasting   | 4 7 11 14 16 19 20 | 20.9
Fighting       | 1 |  1.0
Conjurations   | 3 |  3.1
Transmutations | |  1.1

Action                   |  1- 3 |  4- 6 |  7- 9 | 10-12 || total
-------------------------+-------+-------+-------+-------++-------
Melee: Unarmed           |       |       |     1 |       ||     1
       Scimitar          |       |       |       |     1 ||     1
 Cast: Sandblast         |    19 |     3 |       |       ||    22
       Stone Arrow       |     2 |       |     2 |    18 ||    22
       Passwall          |     1 |       |       |       ||     1
       Lee's Rapid Decon |       |     1 |    23 |    20 ||    44
       Petrify           |       |       |       |     2 ||     2
  Use: Potion            |     6 |       |     1 |     2 ||     9
 Stab: Distracted        |       |       |       |     1 ||     1
Armor: Robe              |     1 |       |       |       ||     1
Dodge: Dodged            |     3 |     1 |     1 |    14 ||    19
       Rpst.: Scimitar   |       |       |       |     3 ||     3

Table legend: (Time is in decaauts)
 A = Elapsed time spent in this place.
 B = Non-inter-level travel time spent in this place.
 C = Inter-level travel time spent in this place.
 D = Time resting spent in this place.
 E = Time spent auto-exploring this place.
 F = Levels seen in this place.
 G = Mean time per level.
                   A        B        C        D        E       F      G
               +--------+--------+--------+--------+--------+-----+--------+
         Total |   2630 |   2630 |      0 |   2193 |     29 |   1 | 2630.0 |
       Dungeon |   2630 |   2630 |      0 |   2193 |     29 |   1 | 2630.0 |
               +--------+--------+--------+--------+--------+-----+--------+

Top non-repeatable levels by time:
       D: 2630 daAuts
